Map: King's Cove LE

Players

pat

  • Race: Terran Terran
  • Spawn Location: 5:00

VOD

Have the link to the VOD?

Description

TVT

Time

  • Played on: Jan. 13, 2025, 3:54 p.m.
  • Length: 10:05
Show
View Real Time Build Order
Export as new Build Order

pat Terran 

Build Orders:  

Get SALT Encoding   

  12  0:00  SCV  
  13  0:17  SCV  
  14  0:26  Supply Depot  
  14  0:34  SCV  
  15  1:01  SCV, Barracks  
  16  1:18  SCV  
  17  1:24  Supply Depot  
  17  1:35  SCV  
  18  2:07  Command Center  
  18  2:17  Orbital Command  
  18  2:19  Marine  
  19  2:38  Refinery  
  19  2:45  Refinery  
  19  2:55  SCV  
  19  2:56  Marine  
  21  3:06  Supply Depot  
  21  3:12  SCV  
  22  3:22  Marine  
  22  3:29  SCV  
  24  3:45  SCV  
  24  3:47  Marine  
  26  4:12  Marine  
  26  4:15  Orbital Command  
  26  4:17  SCV  
  28  4:34  SCV  
  28  4:36  Marine  
  30  4:46  Refinery  
  30  4:47  Refinery  
  30  4:51  SCV  
  30  4:55  Factory  
  31  5:03  Factory  
  31  5:06  SCV  
  31  5:08  SCV  
  33  5:21  Engineering Bay  
  33  5:23  SCV  
  33  5:25  SCV  
  35  5:39  Marine  
  36  5:40  SCV  
  36  5:47  SCV  
  38  5:57  SCV  
  39  6:03  Supply Depot  
  39  6:04  Marine, SCV  
  39  6:05  Supply Depot  
  39  6:08  Supply Depot  
  41  6:11  Supply Depot  
  41  6:14  SCV  
  42  6:21  SCV  
  43  6:31  SCV  
  43  6:38  Marine, SCV  
  46  6:42  Factory Tech Lab x2  
  46  6:48  SCV  
  47  7:01  Starport  
  47  7:03  Marine  
  47  7:09  Starport  
  48  7:31  Armory  
  48  7:36  Armory  
  48  7:47  SCV x2  
  50  7:50  Marine  
  50  7:52  Siege Tank x2  
  57  8:04  SCV x2  
  57  8:06  Starport Reactor  
  57  8:07  Starport Tech Lab  
  59  8:15  Marine  
  60  8:21  SCV x2  
  60  8:27  Raven  
  62  8:37  Siege Tank x2  
  62  8:38  SCV  
  62  8:39  Marine  
  71  8:47  SCV  
  73  8:55  SCV  
  74  9:02  Viking x2  
  74  9:04  Marine, SCV  
  80  9:11  SCV  
  81  9:21  SCV  
  81  9:28  SCV  
  86  9:30  Supply Depot x3  
Tags
 
Add a new tag
Caveats
  • Supply blocks, unpowered buildings, or Contaminate may cause inaccurate times.
  • Supply counts are checked every 10 seconds.